Unix NetHack Version 5.0.0-0 post-release - last build Jul 19 2026 19:10:59 (3aa4ab31751d3886436d94b585a96704892fd477,branch:main).

Game began 2026-07-20 04:50:43, ended 2026-07-20 05:25:18.

Jinnora, lawful female human Samurai

    --------
    |......|
    |.......##########--------------------------------
    |......|  ########...............................|
    |...<..+         #|.-----------.......--------...|
    --.-|---          |.|  |(((|..|.------|. |+?+|...-
                      |.+  |(%%|@.|.|.....|. |%+?|...|      ....
                      |.---|@..||--.|.._..||-|...|...-       --
                      |....--|--....|.....|..---|-...|
                      -h...........@|.....|..........|
                      |.....@.....{.----|--.{........|
                      |.......d.a@.....).............|
                      ....--|---+-...........-|---...|
                      |...|...|  ----.-------|...|...|
                      |...|.?!|     +.+      |.((|...|
                      |...|.[[|     |.|      |((.|...|
                      |...-----  ----.------+-----...|
                      |..............................|
                      --------------------------------

Jinnora the Kunoichi   St:25 Dx:16 Co:18 In:11 Wi:10 Ch:10  Lawful
Dlvl:8  $:383 HP:0(72) Pw:29(29) AC:-2 Xp:7/1156 T:3827  Burdened

Latest messages:
 The soldier ant misses Hachi.
 The soldier ant misses Hachi.
 The soldier ant misses!
 The soldier ant stings!
 You miss the soldier ant.
 The soldier ant bites!
 The soldier ant stings!
 Hachi misses the soldier ant.
 You miss the soldier ant.
 The soldier ant misses!
 The soldier ant stings!
 The soldier ant bites!
 The soldier ant stings!
 Hachi misses the soldier ant.
 Hachi bites the soldier ant.
 The soldier ant misses Hachi.
 The soldier ant stings Hachi.
 You hit the soldier ant!
 The soldier ant bites!
 The soldier ant stings!
 Hachi bites the soldier ant.
 The soldier ant misses Hachi.
 The soldier ant stings Hachi.
 You miss the soldier ant.
 The soldier ant misses!
 The soldier ant misses!
 Hachi bites the soldier ant.
 The soldier ant misses Hachi.
 The soldier ant misses Hachi.
 You kill the soldier ant!
 You see here a soldier ant corpse (no charge).
 You miss the soldier ant.
 The soldier ant misses!
 The soldier ant stings!
 You hit the soldier ant!
 You kill the soldier ant!
 Hachi picks up a scroll labeled KO BATE {buy 107 sell 30}.
 You have a little trouble lifting G - a soldier ant corpse.
 Hachi drops a scroll labeled KO BATE {buy 107 sell 30}.
 The soldier ant misses!
 The soldier ant stings!
 The soldier ant just misses!
 The soldier ant misses!
 The soldier ant bites!
 The soldier ant stings!
 The soldier ant bites!
 The soldier ant stings!
 You die...
 Izchak looks at your corpse and sighs.
 Do you want your possessions identified? [ynq] (y) q

Inventory:
 Coins    ('$')
  $ - 383 gold pieces
 Weapons  (')')
  d - 39 uncursed +0 ya (in quiver)
  c - an uncursed +0 yumi
  a - an uncursed +0 katana (weapon in right hand)
  b - an uncursed +0 wakizashi (alternate weapon; not wielded)
 Armor    ('[')
  q - an uncursed +0 pair of gauntlets of power (being worn)
  t - an uncursed +0 pair of elven boots (being worn)
  z - a blessed +1 cloak of protection (being worn)
  e - an uncursed rustproof +0 splint mail (being worn)
 Comestibles  ('%')
  D - an uncursed cream pie
  o - an uncursed partly eaten gunyoki
  u - 2 uncursed gunyoki
  x - 2 uncursed pancakes
  r - an uncursed tin of french fried winter wolf cub meat
  G - an uncursed soldier ant corpse
 Scrolls  ('?')
  X - a blessed scroll of charging
  Y - an uncursed scroll of create monster
  f - an uncursed scroll of enchant armor
  M - 3 cursed scrolls of enchant weapon
  J - an uncursed scroll of fire
  V - an uncursed scroll of light
  S - an uncursed scroll of teleportation
 Spellbooks  ('+')
  R - an uncursed spellbook of detect food
  W - an uncursed spellbook of dig
 Potions  ('!')
  i - an uncursed potion of confusion
  l - 3 uncursed potions of extra healing
  P - an uncursed potion of fruit juice
  y - an uncursed potion of gain ability
  H - an uncursed potion of gain level
  K - 2 blessed potions of healing
  m - 3 uncursed potions of healing
  g - an uncursed potion of water
 Rings    ('=')
  L - an uncursed -1 ring of gain strength
 Tools    ('(')
  s - an uncursed oilskin sack containing 7 items
  w - a blessed brass lantern
  N - an uncursed brass lantern
  A - an uncursed skeleton key
  j - an uncursed tallow candle

Contents of the oilskin sack:
  an uncursed +0 arrow
  8 cursed +0 ya
  a blessed +0 dagger
  an uncursed worthless piece of black glass
  2 uncursed worthless pieces of violet glass
  an uncursed worthless piece of white glass
  an uncursed citrine stone

Jinnora the Samurai's attributes:

Background:
 You were a Kunoichi, a level 7 female human Samurai.
 You were lawful, on a mission for Amaterasu Omikami
 who was opposed by Raijin (neutral) and Susanowo (chaotic).
 You were right-handed.
 You were in the Gnomish Mines, on level 8.
 You entered the dungeon 3827 turns ago.
 It was nighttime.
 You had 1156 experience points, 124 more were needed to attain level 8.

Basics:
 You had 0 out of 72 hit points.
 You had all 29 energy points (spell power).
 Your armor class was -2.
 Your wallet contained 383 zorkmids.
 Autopickup was off.

Final Characteristics:
 Your strength was 25 (base:11, innate limit:18/100).
 Your dexterity was 16 (limit:18).
 Your constitution was 18 (limit:18).
 Your intelligence was 11 (limit:18).
 Your wisdom was 10 (limit:18).
 Your charisma was 10 (limit:18).

Final Status:
 You weren't hungry.
 You were burdened; movement was slightly slowed.
 You were wielding a long sword.
 You had basic skill with long sword and could have enhanced that.

Final Attributes:
 You were piously aligned.
 You were telepathic.
 You were stealthy.
 You were protected.
 You were fast.
 You are dead.

Miscellaneous:
 You didn't encounter any bones levels.
 Total elapsed playing time was 34 minutes and 35 seconds.

Major events:
 Turn
    1: Jinnora the lawful female human Samurai entered the dungeon
  544: attained the rank of Ronin (level 3)
 1565: entered the Gnomish Mines
 2109: attained the rank of Kunoichi (level 6)
 3429: reached Mine Town
 3827: killed by a soldier ant

You didn't know any spells.

Skills:
 Fighting Skills
   martial arts      [Basic]
   two weapon combat [Unskilled]
   riding            [Unskilled]
 Weapon Skills
   dagger            [Unskilled]
   knife             [Unskilled]
   short sword       [Basic]
   broadsword        [Unskilled]
   long sword        [Basic]
   two-handed sword  [Unskilled]
   saber             [Unskilled]
   flail             [Unskilled]
   quarterstaff      [Unskilled]
   polearms          [Unskilled]
   spear             [Unskilled]
   lance             [Unskilled]
   bow               [Basic]
   shuriken          [Unskilled]
 Spellcasting Skills
   attack spells     [Unskilled]
   divination spells [Unskilled]
   clerical spells   [Unskilled]

Voluntary challenges:
 Character rerolling was not enabled.
 You never genocided any monsters.
 You never polymorphed an object.
 You never changed form.
 You used no wishes.
Achievements:
 You attained the rank of Ronin.
 You entered a shop.
 You entered the Gnomish Mines.
 You attained the rank of Kunoichi.
 You entered Minetown.
 You entered a temple.

 The Dungeons of Doom: levels 1 to 5
    Level 1:
       A fountain.
    Level 2:
    Level 3:
       A general store, a fountain.
    Level 4:
       Stairs down to The Gnomish Mines.
    Level 5:
 The Gnomish Mines: levels 5 to 8
    Level 5:
    Level 6:
    Level 7:
    Level 8: <- You were here.
       Many shops, a temple and an altar to Amaterasu Omikami, some fountains.
       Final resting place for
          you, killed by a soldier ant.


Vanquished creatures:
  a giant mimic
  3 small mimics
 an iron piercer
  a gnome ruler
  a housecat
  a plains centaur
  2 soldier ants
  2 ponies
 12 fog clouds
  a yellow light
  6 gnome leaders
  2 gnomish wizards
  a gray ooze
  a straw golem
  5 floating eyes
  a kitten
  4 dwarves
  a homunculus
  a kobold shaman
 11 hill orcs
  a rothe
  a rabid rat
  4 dwarf zombies
  a werejackal
  4 iguanas
  2 acid blobs
  2 hobbits
  6 manes
  2 giant rats
  2 cave spiders
 25 gnomes
  a gnome zombie
  3 jackals
  5 foxes
  a goblin
  2 sewer rats
  a grid bug
  3 lichens
  6 newts
130 creatures vanquished.

No species were genocided or became extinct.

Game over:
                       ----------
                      /          \
                     /    REST    \
                    /      IN      \
                   /     PEACE      \
                  /                  \
                  |     Jinnora      |
                  |      383 Au      |
                  |   killed by a    |
                  |   soldier ant    |
                  |                  |
                  |                  |
                  |       2026       |
                 *|     *  *  *      | *
        _________)/\\_//(\/(/\)/\//\/|_)_______

Sayonara Jinnora the Samurai...

You died in The Gnomish Mines on dungeon level 8 with 5329 points,
and 383 pieces of gold, after 3827 moves.
You were level 7 with a maximum of 72 hit points when you died.

